 Dungeon Crawl Stone Soup version 0.21-a0-91-ga5031da (webtiles) character file.

63 Ordine the Skirmisher (level 4, -3/31 HPs)
             Began as an Octopode Fighter on June 30, 2017.
             Slain by Ordine's ghost (11 damage)
             ... on level 3 of the Dungeon.
             The game lasted 00:03:11 (2054 turns).

Ordine the Skirmisher (Octopode Fighter)            Turns: 2054, Time: 00:03:11

Health: -3/31      AC:  1    Str: 20    XL:     4   Next: 10%
Magic:  4/4        EV: 11    Int: 10    God:
Gold:   93         SH:  9    Dex: 12    Spells: 3/3 levels left

rFire    . . .     SeeInvis .   a - +1 long sword
rCold    . . .     Gourm    .   b - +0 shield
rNeg     . . .     Faith    .   (helmet restricted)
rPois    .         Spirit   .   (no amulet)
rElec    .         Reflect  .   (no ring)
rCorr    .         Harm     .   (no ring)
MR       .....                  (no ring)
Stlth    ++........             (no ring)
HPRegen  0.10/turn              (no ring)
MPRegen  0.09/turn              (no ring)
                                (no ring)
                                (no ring)

@: mighty
A: almost no armour, stealthy swim, amphibious, 8 rings, constrict 8, camouflage
1, gelatinous body 1
a: no special abilities


You were on level 3 of the Dungeon.
You were hungry.

You visited 1 branch of the dungeon, and saw 3 of its levels.

You collected 93 gold pieces.

Inventory:

Hand Weapons
 a - a +1 long sword (weapon)
Missiles
 f - 52 stones (quivered)
 g - 10 poisoned needles
 r - 2 poisoned tomahawks
Armour
 b - a +0 shield (worn)
Scrolls
 e - a scroll of teleportation {unknown}
 j - 2 scrolls of identify
 m - 2 scrolls of magic mapping
Potions
 c - a potion of might
 k - 2 potions of curing
 p - a potion of flight
Comestibles
 d - 2 bread rations
 h - a royal jelly
 o - a meat ration


   Skills:
 + Level 3.5 Fighting
 * Level 3.5 Long Blades
 - Level 3.0 Dodging
 + Level 3.3 Shields


You had 3 spell levels left.
You didn't know any spells.

Dungeon Overview and Level Annotations

Branches:
Dungeon (3/15)

Altars:
Trog

Annotations:
D:3 Ordine's ghost, amateur OpFi


Innate Abilities, Weirdness & Mutations

You cannot wear most types of armour.
You are very stealthy in the water. (Stealth+)
You are amphibious.
You can wear up to eight rings at the same time.
You can use your tentacles to constrict eight enemies at once.
Your skin changes colour to match your surroundings (Stealth+).
Your rubbery body absorbs attacks. (AC +1, EV +1)


Message History

Ordine's ghost (amateur Octopode Fighter) comes into view.
There is a stone staircase leading up here.
You climb upwards.
There is a stone staircase leading down here.
You start resting.
All of the chunks of flesh in your inventory have rotted away.
You are feeling hungry.
You climb downwards.
Level annotation: Ordine's ghost, amateur OpFi
There is a stone staircase leading up here.
You feel very mighty all of a sudden. Ordine's ghost hits you!
You slash Ordine's ghost! Your squeeze misses Ordine's ghost.
Ordine's ghost is moderately damaged.
You block Ordine's ghost's attack. Ordine's ghost hits you!
* * * LOW HITPOINT WARNING * * *
You hit Ordine's ghost. You squeeze Ordine's ghost.
Ordine's ghost is heavily damaged.
Ordine's ghost hits you!
You die...

#. .... # #.#
...## .. ..
..... #..
#.###.....#
...###......##..
#?............
#...##<....#
#.........#
#..###@....###
... #W......# #
#.......#.#
#.......# .
#...##### #8...8
##...# #...#
#...


You could see Ordine's ghost.

Vanquished Creatures
  3 adders
  A worm (D:2)
  A dart slug (D:2)
  A bat (D:2)
  2 giant cockroaches (D:2)
  2 goblins (D:1)
  9 hobgoblins
  2 quokkas (D:2)
  6 kobolds
  A rat (D:3)
28 creatures vanquished.

Notes
Turn   | Place    | Note
-------+----------+-------------------------------------------
     0 | D:1      | Ordine the Octopode Fighter began the quest for the Orb.
     0 | D:1      | Reached XP level 1. HP: 16/16 MP: 1/1
   511 | D:1      | Reached XP level 2. HP: 15/21 MP: 2/2
   945 | D:2      | Reached XP level 3. HP: 20/26 MP: 3/3
  1550 | D:2      | Found a bloodstained altar of Trog.
  1741 | D:3      | Reached XP level 4. HP: 8/31 MP: 4/4
  1922 | D:3      | Noticed Ordine's ghost (amateur OpFi)
  2054 | D:3      | Slain by Ordine's ghost

Vault maps used:
D:1:      dpeg_arrival_houses_and_road
D:2:      bloody_trog
D:3:      gammafunk_steamed_eel, lemuel_doored_altar, first_bread,
          serial_corexii_hall, corexii_hall_statues_x, corexii_hall_statues_l,
          corexii_hall_statues_t, corexii_hall_statues_deadend,
          hangedman_decor_push, cheibrodos_gnoll_hut

Skill      XL: |  1  2 |
---------------+-------+-----
Long Blades    | 3 |  3.5
Fighting       | |  3.5
Dodging        | |  3.0
Shields        | |  3.3

Action                   |  1- 3 |  4- 6 || total
-------------------------+-------+-------++-------
Melee: Long sword        |    59 |     3 ||    62
       Tentacles         |    12 |     1 ||    13
       Constrict         |    11 |     1 ||    12
  Use: Scroll            |     7 |       ||     7
       Potion            |       |     1 ||     1
 Stab: Sleeping          |     5 |       ||     5
       Distracted        |     1 |       ||     1
  Eat: Chunk             |     3 |       ||     3
Armor: Skin              |     2 |       ||     2
Dodge: Dodged            |    26 |       ||    26
Block: Shield            |    26 |     2 ||    28
       Rpst.: Long sword |     5 |       ||     5
